 Dungeon Crawl Stone Soup version 0.31-a0-931-g7b59d4eb97 (webtiles) character file.

Game seed: 8412516141374126289

99 IdlyInterested the Charlatan (level 4, -1/35 HPs)
             Began as a Demonspawn Wanderer on Oct 19, 2023.
             Frozen to death by an endoplasm (5 damage)
             ... on level 3 of the Dungeon.
             The game lasted 00:06:11 (2264 turns).

IdlyInterested the Charlatan (Demonspawn Wanderer)  Turns: 2264, Time: 00:06:12

Health: -1/35      AC:  7    Str: 11    XL:     4   Next: 45%
Magic:  5/5        EV:  8    Int: 13    God:
Gold:   99         SH:  9    Dex: 16    Spells: 5/5 levels left

rFire   . . .        n - +1 dagger (drain)
rCold   . . .        c - +0 buckler
rNeg    . . .        h - +0 scale mail
rPois   .            (no helmet)
rElec   .            (no cloak)
rCorr   .            q - +0 pair of gloves
SInv    .            (no boots)
Will    .....        j - amulet of reflection
Stlth   +            (no ring)
HPRegen 0.25/turn    (no ring)
MPRegen 0.09/turn

%: reflection
@: no status effects
A: ignite blood 1, demonic magic 1, weakness stinger 1
a: no special abilities


You were on level 3 of the Dungeon.
You visited 1 branch of the dungeon, and saw 3 of its levels.

You collected 99 gold pieces.

Inventory:

Hand Weapons
 a - a +0 dagger
 n - a +1 dagger of draining (weapon)
Missiles
 g - 36 stones (quivered)
Armour
 c - a +0 buckler (worn)
 e - a +0 robe
 h - a +0 scale mail (worn)
 q - a +0 pair of gloves (worn)
 r - an orb of energy
 s - a +0 leather armour
Jewellery
 j - an amulet of reflection (around neck)
 l - an amulet of the acrobat
Wands
 f - a wand of charming (8)
 k - a wand of mindburst (16)
Scrolls
 i - a scroll of blinking {unknown}
 o - a scroll of torment {unknown}
 p - a scroll of poison {unknown}
 t - a scroll of noise {unknown}
 v - a scroll of identify {unknown}
Potions
 b - a potion of attraction
 m - a potion of lignification
 u - 2 potions of heal wounds {unknown}
 w - a potion of curing {unknown}


   Skills:
 - Level 3.0 Fighting
 * Level 1.6 Short Blades
 - Level 1.0 Throwing
 - Level 1.0 Armour
 - Level 1.0 Dodging
 + Level 1.4 Stealth
 - Level 1.7 Shields
 - Level 1.7 Unarmed Combat
 - Level 1.0 Spellcasting
 - Level 3.0 Evocations


You had 5 spell levels left.
You didn't know any spells.
Your spell library was empty.

Dungeon Overview and Level Annotations

Branches:
Dungeon (3/15)

Altars:

Annotations:
D:3 Ijyb


Innate Abilities, Weirdness & Mutations

Your demonic aura sometimes causes spilled blood to erupt in flames.
Spells you cast may paralyse adjacent enemies.
You have a small tail.


Message History

You climb downwards.
Ijyb shouts!
The hobgoblin shouts!
Found a stone staircase leading down.
There is a stone staircase leading up here.
You hit the hobgoblin.
Your tail-slap misses the hobgoblin.
The hobgoblin is heavily wounded.
You block the hobgoblin's attack.
Ijyb screams, "Die!"
Ijyb zaps a wand.
The bolt of dispelling energy misses you.
You hit the hobgoblin.
You kill the hobgoblin!
Ijyb zaps a wand.
The bolt of dispelling energy hits you!
You see here a hobgoblin corpse.
Ijyb zaps a wand.
The bolt of dispelling energy hits you!
You start resting.
Ijyb is nearby!
An endoplasm comes into view.
The endoplasm quivers.
Ijyb zaps a wand.
The bolt of dispelling energy misses you.
Ijyb zaps a wand.
The bolt of dispelling energy hits you!
* * * LOW HITPOINT WARNING * * *
You barely miss Ijyb. You tail-slap Ijyb.
Ijyb is lightly wounded.
You block Ijyb's attack.
You fade into invisibility!
Ijyb zaps a wand.
The bolt of dispelling energy hits you.
Your magical effects are unravelling.
* * * LOW HITPOINT WARNING * * *
You flicker back into view.
The endoplasm freezes you.
You are frozen.
* * * LOW HITPOINT WARNING * * *
You block Ijyb's attack.
You hit Ijyb but do no damage. You drain Ijyb.
Ijyb is lightly wounded.
The endoplasm freezes you.
You are frozen.
You die...

.........
......>.. .
....###..
......... #
..... #
.#.....#.#
......
....#... #
#.....
#.#...#
#.#.<.#
#.#...#†#
#.....@g#
......J..#
.#....##.#.#
+....+....#
#....##.....#
...###
####### ...
..


You could see Ijyb (very drained) and an endoplasm.

Vanquished Creatures
  A jelly (D:2)
  An adder (D:2)
  A dart slug (D:2)
  4 bats
  5 endoplasms
  3 giant cockroaches (D:1)
  3 goblins
  7 hobgoblins
  7 jackals (D:1)
  5 quokkas
  2 ball pythons (D:2)
  2 frilled lizards
  6 kobolds
  3 rats (D:1)
50 creatures vanquished.

Notes
Turn   | Place    | Note
-------+----------+-------------------------------------------
     0 | D:1      | IdlyInterested the Demonspawn Wanderer began the quest for
                  | the Orb.
     0 | D:1      | IdlyInterested set off with the following items: a +0
                  | dagger, a potion of attraction, a +0 buckler, a potion of
                  | invisibility, a +0 robe, a wand of charming (8).
     0 | D:1      | Reached XP level 1. HP: 16/16 MP: 2/2
   125 | D:1      | Reached skill level 1 in Armour
   159 | D:1      | Gained mutation: Spells you cast may paralyse adjacent
                  | enemies. [demonic ancestry]
   159 | D:1      | Reached XP level 2. HP: 22/22 MP: 3/3
   514 | D:1      | Reached skill level 1 in Dodging
   543 | D:1      | Found a faded altar of an unknown god.
   677 | D:1      | Gained mutation: Your demonic aura sometimes causes spilled
                  | blood to erupt in flames. [demonic ancestry]
   677 | D:1      | Reached XP level 3. HP: 28/28 MP: 4/4
   758 | D:1      | Reached skill level 1 in Stealth
  1267 | D:2      | Reached skill level 1 in Throwing
  1885 | D:2      | Reached skill level 1 in Short Blades
  1885 | D:2      | Gained mutation: You have a small tail. [demonic ancestry]
  1885 | D:2      | Reached XP level 4. HP: 16/35 MP: 5/5
  2247 | D:3      | Noticed Ijyb
  2264 | D:3      | Frozen to death by an endoplasm

Illustrated notes

Levels and vault maps discovered:
D:1:      dpeg_arrival_refuge, layout_basic, hellmonk_ecumenical_altar_lost_god,
          corexii_leaking_fountain
D:2:      layout_loops_corners
D:3:      layout_basic, mainiacjoe_overflow_chevrons, minivault_23, uniq_ijyb

Skill      XL: |  1  2  3 |
---------------+----------+-----
Armour         | 1 |  1.0
Dodging        | 1 |  1.0
Stealth        | 1 |  1.4
Throwing       | 1 |  1.0
Fighting       | 3 |  3.0
Short Blades   | 1 |  1.6
Shields        | |  1.7
Unarmed Combat | |  1.7
Spellcasting   | |  1.0
Evocations     | |  3.0

Action                     |  1- 3 |  4- 6 || total
---------------------------+-------+-------++-------
  Melee: Unarmed           |    87 |       ||    87
         Dagger            |    93 |     6 ||    99
         Tailslap          |       |     1 ||     1
    Use: Potion            |     1 |     1 ||     2
 Armour: Scale mail        |   109 |     4 ||   113
         Robe              |     6 |       ||     6
  Dodge: Dodged            |    61 |     2 ||    63
  Block: Buckler           |    88 |     7 ||    95
         Reflection        |     2 |     2 ||     4

Table legend: (Time is in decaauts)
 A = Elapsed time spent in this place.
 B = Non-inter-level travel time spent in this place.
 C = Inter-level travel time spent in this place.
 D = Time resting spent in this place.
 E = Time spent auto-exploring this place.
 F = Levels seen in this place.
 G = Mean time per level.
                   A        B        C        D        E       F      G
               +--------+--------+--------+--------+--------+-----+--------+
         Total |   2269 |   2036 |    233 |    170 |   1333 |   3 |  756.3 |
       Dungeon |   2269 |   2036 |    233 |    170 |   1333 |   3 |  756.3 |
               +--------+--------+--------+--------+--------+-----+--------+

Top non-repeatable levels by time:
     D:1: 1158 daAuts
     D:2: 1093 daAuts
     D:3: 18 daAuts
